 Dungeon Crawl Stone Soup version 0.22.0-76-g6cd1571672 (webtiles) character file.

1694 JedernureinKreuz the Conjurer (level 9, 0/64 (65) HPs)
             Began as a Gnoll Conjurer on Sept 15, 2018.
             Shot with a sling bullet by Joseph (15 damage)
             ... on level 7 of the Dungeon.
             The game lasted 00:32:35 (6395 turns).

JedernureinKreuz the Conjurer (Gnoll Conjurer)      Turns: 6395, Time: 00:32:35

HP:   0/64 (65)     AC:  4    Str: 11    XL:     9   Next: 2%
MP:   12/18         EV: 15    Int: 24    God:
Gold: 413           SH:  6    Dex: 15    Spells: 12/20 levels left

rFire    . . .     SeeInvis .   b - +3 mace (drain)
rCold    . . .     Gourm    .   j - +1 buckler
rNeg     . . .     Faith    .   E - +0 leather armour {rPois}
rPois    +         Spirit   .   (no helmet)
rElec    .         Reflect  .   o - +0 cloak (curse)
rCorr    .         Harm     .   (no gloves)
MR       +....                  (no boots)
Stlth    +++.......             (no amulet)
HPRegen  0.20/turn              m - ring of protection from magic
MPRegen  0.16/turn              w - +3 ring of intelligence

@: no status effects
A: distributed training, fangs 1, strong nose
a: no special abilities


You were on level 7 of the Dungeon.
You were not hungry.

You visited 1 branch of the dungeon, and saw 7 of its levels.

You collected 413 gold pieces.

Inventory:

Hand Weapons
 a - a +1 trident of venom
 b - a +3 mace of draining (weapon)
 d - a +0 dagger
 g - a +0 short sword
 D - a +3 mace
 J - a +3 scythe of slicing
 L - a +2 whip of venom
 N - a +2 mace of venom
 P - a +1 antimagic dagger
Missiles
 f - 59 sling bullets
 i - 2 tomahawks
 t - 89 arrows
 B - 118 stones (quivered)
 Q - 10 bolts
Armour
 j - a +1 buckler (worn)
 o - a cursed +0 cloak (worn)
 z - a +0 leather armour
 E - a +0 leather armour of poison resistance (worn)
 H - a +0 robe
 M - a +0 cloak
 T - a +0 cloak
Jewellery
 m - a ring of protection from magic (left hand)
 w - a +3 ring of intelligence (right hand)
Wands
 v - a wand of acid (16)
 y - a wand of scattershot (5)
 O - a wand of polymorph (9)
Scrolls
 e - 3 scrolls of teleportation
 k - a scroll of enchant armour
 n - a scroll of amnesia {unknown}
 r - 3 scrolls of blinking
 u - a scroll of enchant weapon {unknown}
 x - 4 scrolls of identify
 A - 3 scrolls of remove curse
 G - a scroll of random uselessness {unknown}
 K - a scroll of fog {unknown}
 R - 2 scrolls of fear {unknown}
Potions
 h - 4 potions of mutation {unknown}
 l - 7 potions of flight
 p - 7 potions of curing {unknown}
 q - a potion of resistance {unknown}
 s - a potion of degeneration {unknown}
 C - a potion of heal wounds {unknown}
 F - 2 potions of haste {unknown}
 I - a potion of berserk rage {unknown}
 S - 2 potions of cancellation {unknown}
Comestibles
 c - 8 rations


   Skills:
 + Level 3.7 Fighting
 + Level 3.7 Short Blades
 + Level 3.7 Long Blades
 + Level 3.7 Axes
 + Level 3.7 Maces & Flails
 + Level 3.7 Polearms
 + Level 3.7 Staves
 + Level 3.7 Slings
 + Level 3.7 Bows
 + Level 3.7 Crossbows
 + Level 3.7 Throwing
 + Level 3.7 Armour
 + Level 6.0 Dodging
 + Level 5.6 Stealth
 + Level 3.7 Shields
 + Level 3.7 Unarmed Combat
 + Level 6.3 Spellcasting
 + Level 7.8 Conjurations
 + Level 3.0 Hexes
 + Level 3.0 Charms
 + Level 3.0 Summonings
 + Level 3.0 Necromancy
 + Level 3.0 Translocations
 + Level 3.0 Transmutations
 + Level 3.0 Fire Magic
 + Level 3.0 Ice Magic
 + Level 3.0 Air Magic
 + Level 3.0 Earth Magic
 + Level 3.0 Poison Magic
 + Level 4.1 Invocations
 + Level 3.7 Evocations


You had 12 spell levels left.
You knew the following spells:

 Your Spells              Type           Power        Failure   Level  Hunger
a - Magic Dart            Conj           ####         1%          1    None
b - Iskenderun's Mystic   Conj           #####...     4%          4    ###....
c - Dazzling Spray        Conj/Hex       ####..       3%          3    None

Your spell library contained the following spells:

 Spells                   Type           Power        Failure   Level  Hunger
 Searing Ray              Conj           #####.       1%          2    None
 Force Lance              Conj/Tloc      ####....     11%         4    ###....
 Fulminant Prism          Conj/Hex       ####......   11%         4    ###....


Dungeon Overview and Level Annotations

Branches:
Dungeon (7/15)             Temple (0/1) D:5

Altars:
Dithmenos
Kikubaaqudgha
Okawaru
Ru
Wu Jian
Zin

Shops:
D:5 *(

Annotations:
D:7 Joseph


Innate Abilities, Weirdness & Mutations

Your experience applies equally to all skills.
You have very sharp teeth.
Your uncanny sense of smell can sniff out nearby items.


Message History

The magic dart hits Joseph.
Joseph is moderately wounded.
Casting: Magic Dart (safe; 1% risk of failure)
Confirm with . or Enter, or press ? or * to list all spells.
Aiming: Magic Dart (safe; 1% risk of failure)
Press: ? - help, Shift-Dir - straight line, f/p - Joseph
Aim: Joseph, wielding a hunting sling and wearing a leather armour (moderately The magic dart hits Joseph.
Joseph is heavily wounded.
Joseph shoots a sling bullet.
The sling bullet hits you!!
* * * LOW HITPOINT WARNING * * *
Casting: Magic Dart (safe; 1% risk of failure)
Confirm with . or Enter, or press ? or * to list all spells.
Aiming: Magic Dart (safe; 1% risk of failure)
Press: ? - help, Shift-Dir - straight line, f/p - Joseph
Aim: Joseph, wielding a hunting sling and wearing a leather armour (heavily The magic dart hits Joseph.
Joseph is heavily wounded.
Joseph shoots a sling bullet.
The sling bullet hits you!
You die...

#.. .. .# .# #...
.##.##.# ....
(......∆ ...
......
#.####...##
#(...#.@..##
#...(......#
####.....(....#
.......@##..#.#
#.......# .....
#.............##
#...(...........
#.......####.###.
#.......# .#
#.......# .#
###...### #...


You could see Joseph.

Vanquished Creatures
  Sigmund (D:5)
  A water moccasin (D:5)
  A necrophage (D:6)
  A centaur (D:5)
  An ogre (D:5)
  4 bullfrogs (D:6)
  A wyvern zombie (D:6)
  A scorpion (D:6)
  A bullfrog zombie (D:6)
  2 orc priests (D:4)
  5 hounds
  A jelly (D:5)
  A centaur skeleton (D:6)
  2 iguanas
  2 orc wizards (D:4)
  9 worker ants
  A worker ant zombie (D:6)
  6 adders
  A shadow imp (D:6)
  An adder zombie (D:5)
  4 worms
  2 dart slugs
  6 leopard geckos
  15 orcs
  A ball python (D:1)
  11 bats
  6 giant cockroaches
  7 hobgoblins
  6 jackals
  3 quokkas
  6 frilled lizards
  10 goblins
  11 kobolds
  2 leopard gecko zombies
  A quokka skeleton (D:6)
  8 rats
142 creatures vanquished.

Notes
Turn   | Place    | Note
-------+----------+-------------------------------------------
     0 | D:1      | JedernureinKreuz the Gnoll Conjurer began the quest for the
                  | Orb.
     0 | D:1      | Reached XP level 1. HP: 13/13 MP: 6/6
   154 | D:1      | Reached XP level 2. HP: 19/19 MP: 4/7
   521 | D:1      | Reached XP level 3. HP: 20/25 MP: 9/9
   646 | D:2      | Reached skill level 5 in Spellcasting
   685 | D:2      | Reached skill level 1 in Invocations
   845 | D:2      | Reached skill level 1 in Fighting
   845 | D:2      | Reached skill level 1 in Short Blades
   845 | D:2      | Reached skill level 1 in Long Blades
   845 | D:2      | Reached skill level 1 in Axes
   845 | D:2      | Reached skill level 1 in Maces & Flails
   845 | D:2      | Reached skill level 1 in Polearms
   845 | D:2      | Reached skill level 1 in Staves
   845 | D:2      | Reached skill level 1 in Slings
   845 | D:2      | Reached skill level 1 in Bows
   845 | D:2      | Reached skill level 1 in Crossbows
   845 | D:2      | Reached skill level 1 in Throwing
   845 | D:2      | Reached skill level 1 in Armour
   845 | D:2      | Reached skill level 1 in Shields
   845 | D:2      | Reached skill level 1 in Unarmed Combat
   845 | D:2      | Reached skill level 1 in Evocations
   863 | D:2      | Found an ornate altar of the Wu Jian Council.
   883 | D:2      | Reached XP level 4. HP: 32/32 MP: 3/11
   899 | D:2      | Found an ancient bone altar of Kikubaaqudgha.
  1064 | D:2      | Found a shadowy altar of Dithmenos.
  1256 | D:3      | Found a sacrificial altar of Ru.
  1301 | D:3      | Reached skill level 1 in Hexes
  1301 | D:3      | Reached skill level 1 in Charms
  1301 | D:3      | Reached skill level 1 in Summonings
  1301 | D:3      | Reached skill level 1 in Necromancy
  1301 | D:3      | Reached skill level 1 in Translocations
  1301 | D:3      | Reached skill level 1 in Transmutations
  1301 | D:3      | Reached skill level 1 in Fire Magic
  1301 | D:3      | Reached skill level 1 in Ice Magic
  1301 | D:3      | Reached skill level 1 in Air Magic
  1301 | D:3      | Reached skill level 1 in Earth Magic
  1301 | D:3      | Reached skill level 1 in Poison Magic
  1325 | D:3      | Reached XP level 5. HP: 37/37 MP: 3/12
  1775 | D:3      | Found a glowing silver altar of Zin.
  2063 | D:5      | Entered Level 5 of the Dungeon
  2367 | D:4      | Reached XP level 6. HP: 31/44 MP: 8/13
  2462 | D:4      | Found an iron altar of Okawaru.
  2866 | D:4      | Reached skill level 5 in Dodging
  3360 | D:5      | Reached XP level 7. HP: 50/50 MP: 10/15
  3447 | D:5      | Noticed Sigmund
  3793 | D:5      | Killed Sigmund
  3793 | D:5      | Reached skill level 5 in Stealth
  3906 | D:5      | Reached XP level 8. HP: 28/57 MP: 16/16
  4017 | D:5      | Found Vorhacoe's Weapon Shop.
  4023 | D:5      | Learned a level 4 spell: Iskenderun's Mystic Blast
  4027 | D:5      | Learned a level 3 spell: Dazzling Spray
  4069 | D:5      | Found a staircase to the Ecumenical Temple.
  4218 | D:5      | Found Siashe's Assorted Antiques.
  6064 | D:6      | Reached XP level 9. HP: 60/64 MP: 11/18
  6097 | D:7      | Noticed Joseph
  6395 | D:7      | Shot with a sling bullet by Joseph

Skill      XL: |  1  2  3  4  5  6  7  8 |
---------------+-------------------------+-----
Spellcasting   | 5 6 |  6.3
Invocations    | 1 2 3 4 |  4.1
Fighting       | 1 2 3 |  3.7
Short Blades   | 1 2 3 |  3.7
Long Blades    | 1 2 3 |  3.7
Axes           | 1 2 3 |  3.7
Maces & Flails | 1 2 3 |  3.7
Polearms       | 1 2 3 |  3.7
Staves         | 1 2 3 |  3.7
Slings         | 1 2 3 |  3.7
Bows           | 1 2 3 |  3.7
Crossbows      | 1 2 3 |  3.7
Throwing       | 1 2 3 |  3.7
Armour         | 1 2 3 |  3.7
Shields        | 1 2 3 |  3.7
Unarmed Combat | 1 2 3 |  3.7
Evocations     | 1 2 3 |  3.7
Hexes          | 1 2 3 |  3.0
Charms         | 1 2 3 |  3.0
Summonings     | 1 2 3 |  3.0
Necromancy     | 1 2 3 |  3.0
Translocations | 1 2 3 |  3.0
Transmutations | 1 2 3 |  3.0
Fire Magic     | 1 2 3 |  3.0
Ice Magic      | 1 2 3 |  3.0
Air Magic      | 1 2 3 |  3.0
Earth Magic    | 1 2 3 |  3.0
Poison Magic   | 1 2 3 |  3.0
Dodging        | 5 6 |  6.0
Stealth        | 5 |  5.6
Conjurations   | |  7.8

Action                   |  1- 3 |  4- 6 |  7- 9 || total
-------------------------+-------+-------+-------++-------
Melee: Dagger            |     4 |       |       ||     4
       Bite              |     1 |     3 |     9 ||    13
       Short sword       |    10 |    69 |     3 ||    82
       Mace              |       |       |    80 ||    80
 Cast: Magic Dart        |    56 |   136 |   170 ||   362
       Iskenderun's Myst |       |       |     7 ||     7
  Use: Scroll            |       |     6 |       ||     6
 Stab: Sleeping          |     3 |     1 |       ||     4
  Eat: Chunk             |       |     4 |     5 ||     9
       Ration            |       |     1 |     2 ||     3
Armor: Robe              |     1 |     6 |       ||     7
       Leather armour    |       |     5 |    21 ||    26
Dodge: Dodged            |     7 |    47 |   100 ||   154
Block: Buckler           |       |    26 |    50 ||    76
